 Dungeon Crawl Stone Soup version 0.16-a0-3909-g31f9ca0 (webtiles) character file.

15240 MDvedh the Destroyer (level 11, -1/74 HPs)
             Began as a Demigod Ice Elementalist on Feb 3, 2015.
             Slain by a death yak (16 damage)
             ... on level 2 of the Lair of Beasts.
             The game lasted 01:00:12 (16364 turns).

MDvedh the Destroyer (Demigod Ice Elementalist)    Turns: 16364, Time: 01:00:12

Health: -1/74      AC: 19    Str: 11    XL:     11   Next: 67%
Magic:  17/29      EV: 17    Int: 27    God:
Gold:   227        SH:  0    Dex: 16    Spells: 7 memorised, 5 levels left

rFire  . . .     SeeInvis .     v - +0 rapier (drain)
rCold  . . .     Clarity  +     K - +2 robe {Archmagi}
rNeg   . . .     SustAb   +     (no shield)
rPois  .         Gourm    .     e - +0 helmet
rElec  .         Spirit   .     J - +0 cloak
rCorr  .         Warding  .     M - +2 pair of gloves
rMut   .         Stasis   .     (no boots)
MR     +....                    t - amulet of clarity
Stlth  ++........               (no ring)
                                i - +2 ring of intelligence

@: icy armour, about to teleport, somewhat resistant to hostile enchantments,
unstealthy
A: sustain abilities
a: no special abilities


You were on level 2 of the Lair of Beasts.
You were hungry.

You visited 2 branches of the dungeon, and saw 13 of its levels.

You collected 617 gold pieces.
You spent 390 gold pieces at shops.

Inventory:

Hand weapons
 v - a +0 rapier of draining (weapon)
Armour
 e - a +0 helmet (worn)
 J - a +0 cloak (worn)
 K - a +2 robe of the Archmagi (worn)
 M - a +2 pair of gloves (worn)
Magical staves
 C - an uncursed staff of poison
Jewellery
 i - a +2 ring of intelligence (left hand)
 t - an amulet of clarity (around neck)
Magical devices
 f - a wand of lightning (6)
 g - a wand of magic darts (20)
 o - a wand of random effects (20)
 y - a wand of polymorph (4)
 E - a wand of heal wounds (9)
 L - a wand of draining (3)
Scrolls
 d - 4 scrolls of enchant armour
 k - 2 scrolls of amnesia
 q - 3 scrolls of teleportation
 x - 2 scrolls of blinking
 D - a scroll of magic mapping
 I - 4 scrolls of remove curse
 Q - a scroll of identify
Potions
 a - 2 potions of haste
 h - 5 potions of curing
 j - a potion of might
 m - 2 potions of resistance
 n - a potion of ambrosia
 p - a potion of invisibility
 r - a potion of restore abilities
 w - 3 potions of heal wounds
 z - 2 potions of flight
 B - 2 potions of lignification
 G - a potion of agility
 N - a potion of brilliance
Books
 b - a book of Frost

   Spells                             Type                      Level
   a - Freeze                         Ice                          1
   b - Throw Frost                    Conjuration/Ice              2
   c - Ozocubu's Armour               Charms/Ice                   3
   d - Throw Icicle                   Conjuration/Ice              4
   e - Summon Ice Beast               Ice/Summoning                4
   f - Condensation Shield            Ice                          4
 l - a book of Conjurations

   Spells                             Type                      Level
   a - Magic Dart                     Conjuration                  1
   b - Searing Ray                    Conjuration                  2
   c - Dazzling Spray                 Conjuration/Hexes            3
   d - Fulminant Prism                Conjuration/Hexes            4
   e - Iskenderun's Mystic Blast      Conjuration                  4
   f - Iskenderun's Battlesphere      Conjuration/Charms           5
 s - a book of Burglary

   Spells                             Type                      Level
   a - Swiftness                      Charms/Air                   2
   b - Passwall                       Transmutation/Earth          3
   c - Passage of Golubria            Translocation                4
   d - Lee's Rapid Deconstruction     Earth                        5
   e - Invisibility                   Hexes                        6
   f - Darkness                       Hexes                        7
 H - a Fen Folio

   Spells                             Type                      Level
   a - Corpse Rot                     Necromancy                   2
   b - Stone Arrow                    Conjuration/Earth            3
   c - Leda's Liquefaction            Hexes/Earth                  4
   d - Summon Forest                  Summoning/Translocation      5
   e - Hydra Form                     Transmutation                6
   f - Summon Hydra                   Summoning                    7
 R - a book of Envenomations

   Spells                             Type                      Level
   a - Spider Form                    Transmutation/Poison         3
   b - Alistair's Intoxication        Transmutation/Poison         4
   c - Olgreb's Toxic Radiance        Poison                       4
   d - Poisonous Cloud                Conjuration/Poison/Air       6
Comestibles
 c - 9 bread rations
 u - 7 meat rations
 A - 7 fruits
 F - 9 slices of pizza
 O - a beef jerky


   Skills:
 + Level 7.3 Dodging
 - Level 1.7 Stealth
 + Level 8.0 Spellcasting
 * Level 10.4 Conjurations
 + Level 5.5 Charms
 + Level 8.3 Ice Magic


You had 5 spell levels left.
You knew the following spells:

 Your Spells              Type           Power        Failure   Level  Hunger
a - Freeze                Ice            ####         1%          1    None
b - Ozocubu's Armour      Chrm/Ice       ######..     1%          3    None
c - Throw Frost           Conj/Ice       ######       1%          2    None
d - Iskenderun's Battles  Conj/Chrm      ######..     6%          5    ####...
e - Summon Ice Beast      Ice/Summ       ######..     12%         4    ##.....
f - Throw Icicle          Conj/Ice       #######.     1%          4    ##.....
g - Swiftness             Chrm/Air       #####...     2%          2    None


Dungeon Overview and Level Annotations

Branches:
Dungeon (10/15)            Temple (0/1) D:6            Lair (3/8) D:8
  Swamp: Lair:3-6    Shoals: Lair:3-6     Snake: Lair:3-6    Spider: Lair:3-6
    Orc: D:9-12

Shops:
D:9 :

Annotations:
D:5 Menkaure


Innate Abilities, Weirdness & Mutations

Your attributes are resistant to harm.


Message History

You feel a surge of power! A chill wind blows around you.
The death yak gores you.
Unknown command.
Casting: Summon Ice Beast
Confirm with . or Enter, or press ? or * to list all spells.
Aiming: Freeze
Press: ? - help, Shift-Dir - straight line, f/p - death yak
Aim: a death yak (lightly wounded)
You feel a surge of power!
You freeze the death yak.
The death yak is lightly wounded.
The death yak gores you!
Your ice beast hits the death yak but does no damage.
Your ice beast barely misses the death yak.
The death yak gores you!
* * * LOW HITPOINT WARNING * * *
Unknown command.
Read which item? (? for menu, Esc to quit)
As you read the scroll of teleportation, it crumbles to dust.
You feel strangely unstable. The death yak gores you!
You die...

..#.#.#.#................#.####..
..#......#................#.#P...
..#.......#......................
..#......###.....................
..#..⌠...# #...............#.#...
........####...............##..P#
........###................######
......####..................##..#
..⌠..###P.....YY@.........#....#.
....###.......YY.......#####.....
...##..................# ##.≈.≈≈
...#............>......####..≈≈≈≈
.##.....................P#.≈≈≈≈≈≈
.##......(..............##.≈≈≈≈≈≈
..#....#..#..............#.≈≈≈≈.≈
.⌠#.......##.............#≈≈≈≈≈<.
..###...........#.........≈≈≈≈≈..


You could see 2 death yaks and 2 friendly ice beasts.

Vanquished Creatures
  Gastronok (Lair:2)
  A death yak (Lair:2)
  Joseph (D:8)
  2 spiny frogs
  A black mamba (Lair:3)
  4 komodo dragons
  Prince Ribbit (D:4)
  6 blink frogs (Lair:1)
  2 basilisks (Lair:2)
  2 wyverns
  A deep elf mage (D:7)
  8 yaks (Lair:2)
  Eustachio (D:5)
  3 hippogriffs (Lair:2)
  A human (D:7)
  A hog (D:7)
  A wolf (Lair:2)
  5 water moccasins
  2 orc warriors
  5 porcupines
  3 ice beasts
  2 black bears
  2 centaurs
  8 ogres
  2 crocodiles (Lair:2)
  Sigmund (D:3)
  Duvessa (D:7)
  2 big kobolds
  11 giant frogs
  Blork the orc (D:4)
  2 scorpions
  3 killer bees (D:8)
  Dowan (D:7)
  16 hounds
  6 crimson imps
  A goliath beetle (D:7)
  2 jellies
  A centaur zombie (D:8)
  A quasit (D:9)
  2 orc priests (D:9)
  3 worker ants
  3 iguanas
  4 orc wizards
  10 sheep
  Ijyb (D:3)
  A hound zombie (D:6)
  A hound skeleton (D:8)
  Terence (D:3)
  10 adders
  A gnoll (D:2)
  21 river rats
  3 shadow imps
  A giant mite (D:9)
  2 worms
  An adder zombie (D:6)
  An ooze (D:3)
  14 orcs
  9 bats
  A bat skeleton (D:7)
  10 giant cockroaches
  6 goblins
  12 hobgoblins
  8 jackals
  11 quokkas
  A ball python (D:7)
  A ball python skeleton (D:4)
  12 giant geckos
  A giant gecko skeleton (D:4)
  6 giant newts
  A giant spore (D:6)
  22 kobolds
  12 rats
308 creatures vanquished.

Vanquished Creatures (collateral kills)
  A hydra (Lair:2)
  A death yak (Lair:3)
  2 yaks (Lair:2)
  A wolf (Lair:2)
  A crocodile (Lair:2)
  A sheep (Lair:1)
7 creatures vanquished.

Vanquished Creatures (others)
  2 ice beasts
  A jelly (D:8)
  A hound (D:8)
4 creatures vanquished.

Grand Total: 319 creatures vanquished

Notes
Turn   | Place    | Note
--------------------------------------------------------------
     0 | D:1      | MDvedh, the Demigod Ice Elementalist, began the quest for the Orb.
     0 | D:1      | Reached XP level 1. HP: 14/14 MP: 3/3
    62 | D:1      | Reached skill level 3 in Ice Magic
   281 | D:1      | Reached XP level 2. HP: 10/20 MP: 0/4
   324 | D:1      | Learned a level 2 spell: Throw Frost
   613 | D:1      | Reached skill level 1 in Conjurations
  1154 | D:1      | You fall through a shaft!
  1278 | D:2      | Found a basalt altar of Yredelemnul.
  1278 | D:2      | Found a glowing golden altar of the Shining One.
  1279 | D:2      | Found a radiant altar of Vehumet.
  1414 | D:2      | Found a burning altar of Makhleb.
  1457 | D:2      | Reached XP level 3. HP: 19/26 MP: 1/8
  1847 | D:2      | Found a stormy altar of Qazlal.
  2110 | D:2      | Reached XP level 4. HP: 33/33 MP: 4/11
  2501 | D:3      | Noticed Ijyb
  2508 | D:3      | Killed Ijyb
  2598 | D:3      | Noticed Terence
  2606 | D:3      | Killed Terence
  3159 | D:3      | Learned a level 3 spell: Ozocubu's Armour
  3238 | D:3      | Noticed Sigmund
  3250 | D:3      | Killed Sigmund
  3250 | D:3      | Reached skill level 4 in Ice Magic
  3250 | D:3      | Reached XP level 5. HP: 38/38 MP: 4/14
  3575 | D:4      | Noticed Blork the orc
  3590 | D:4      | Killed Blork the orc
  3590 | D:4      | Reached XP level 6. HP: 33/45 MP: 9/17
  3595 | D:4      | Noticed Prince Ribbit
  3610 | D:4      | Killed Prince Ribbit
  4093 | D:4      | Reached skill level 5 in Ice Magic
  4199 | D:4      | Noticed an ogre
  4209 | D:4      | Killed an ogre
  4209 | D:4      | Reached XP level 7. HP: 38/50 MP: 10/20
  4220 | D:4      | Learned a level 4 spell: Throw Icicle
  4577 | D:5      | Entered Level 5 of the Dungeon
  5015 | D:5      | Noticed Menkaure
  5368 | D:5      | Noticed Eustachio
  5567 | D:5      | Killed Eustachio
  5841 | D:6      | Reached skill level 5 in Spellcasting
  6391 | D:6      | Reached XP level 8. HP: 54/57 MP: 17/22
  6437 | D:6      | Found a staircase to the Ecumenical Temple.
  6448 | D:6      | Found a shimmering altar of Xom.
  6484 | D:6      | Reached skill level 1 in Charms
  6484 | D:6      | Reached skill level 6 in Ice Magic
  6770 | D:6      | Reached skill level 5 in Conjurations
  7340 | D:7      | Identified Iboath's Initiation to Witchcraft
  7780 | D:7      | Reached XP level 9. HP: 60/62 MP: 7/24
  8281 | D:7      | Found a bloodstained altar of Trog.
  8358 | D:7      | Noticed Dowan
  8359 | D:7      | Noticed Duvessa
  8372 | D:7      | Killed Duvessa
  8375 | D:7      | Killed Dowan
  8468 | D:7      | Learned a level 4 spell: Summon Ice Beast
  8747 | D:8      | Found a staircase to the Lair.
  8748 | D:8      | Noticed Joseph
  8763 | D:8      | Killed Joseph
  9065 | D:8      | Reached skill level 7 in Ice Magic
 10290 | D:9      | Reached skill level 5 in Dodging
 10566 | D:9      | Found Pran's Book Shoppe.
 10585 | D:9      | Reached XP level 10. HP: 69/69 MP: 12/27
 10701 | D:9      | Bought a book of Conjurations for 390 gold pieces
 10707 | D:9      | Learned a level 5 spell: Iskenderun's Battlesphere
 11074 | D:10     | Entered Level 10 of the Dungeon
 11117 | Lair:1   | Entered Level 1 of the Lair of Beasts
 11267 | Lair:1   | Reached skill level 8 in Conjurations
 12881 | Lair:1   | Reached skill level 9 in Conjurations
 13694 | Lair:2   | Noticed a four-headed hydra
 13712 | Lair:2   | Killed a four-headed hydra
 13712 | Lair:2   | Reached XP level 11. HP: 34/74 MP: 3/29
 13970 | Lair:2   | Learned a level 2 spell: Swiftness
 14095 | Lair:2   | Noticed Gastronok
 14110 | Lair:2   | Killed Gastronok
 14292 | Lair:2   | Reached skill level 5 in Charms
 14542 | Lair:2   | Reached skill level 10 in Conjurations
 14728 | Lair:2   | Found a deep blue altar of Sif Muna.
 15558 | Lair:3   | Got a jewelled whip
 15559 | Lair:3   | Identified the +0 whip of Deformation {freeze, -Tele Int-4 Dex+7} (You found it on level 3 of the Lair of Beasts)
 15735 | Lair:3   | Noticed a death yak
 15735 | Lair:3   | Noticed a death yak
 15735 | Lair:3   | Noticed a death yak
 15735 | Lair:3   | Noticed a death yak
 15737 | Lair:3   | Noticed a death yak
 15761 | Lair:2   | Killed a death yak
 16181 | Lair:3   | Killed a death yak
 16364 | Lair:2   | Slain by a death yak

Action                   |  1- 3 |  4- 6 |  7- 9 | 10-12 || total
-------------------------+-------+-------+-------+-------++-------
Melee: Unarmed           |    51 |    12 |       |       ||    63
       Short sword       |       |    12 |       |       ||    12
       Rapier            |       |    22 |   129 |    29 ||   180
       Flail             |       |       |     3 |       ||     3
 Cast: Freeze            |    77 |    65 |   286 |   375 ||   803
       Throw Frost       |     1 |       |    15 |       ||    16
       Ozocubu's Armour  |       |     2 |    13 |    29 ||    44
       Throw Icicle      |       |       |    25 |    38 ||    63
       Summon Ice Beast  |       |       |       |    11 ||    11
  Use: Potion            |       |     1 |       |       ||     1
       Scroll            |       |     8 |    14 |     4 ||    26
 Stab: Sleeping          |       |     4 |     3 |       ||     7
       Distracted        |       |       |       |     1 ||     1
  Eat: Chunk             |     4 |     5 |    13 |    17 ||    39
       Fruit             |       |     1 |       |       ||     1
       Pizza             |       |       |     3 |       ||     3
       Royal jelly       |       |       |     1 |       ||     1
       Beef jerky        |       |       |     2 |     2 ||     4
